 Dungeon Crawl Stone Soup version 0.31-a0-233-g139696dc86 (webtiles) character file.

Game seed: 17010309169819047575

0 qw the Vexing (level 1, -1/12 HPs)
             Began as a Gargoyle Hexslinger on July 7, 2023.
             Slain by a kobold
             ... wielding a +0 dagger
              (2 damage)
             ... on level 1 of the Dungeon.
             The game lasted 00:00:01 (27 turns).

qw the Vexing (Gargoyle Hexslinger)                   Turns: 27, Time: 00:00:01

Health: -1/12      AC:  4    Str: 11    XL:     1   Next: 0%
Magic:  2/2        EV: 12    Int: 13    God:
Gold:   0          SH:  0    Dex: 12    Spells: 1/2 levels left

rFire   . . .        a - +1 sling
rCold   . . .        (no shield)
rNeg    + . .        c - +0 robe
rPois   inf          (no helmet)
rElec   +            (no cloak)
rCorr   .            (no gloves)
SInv    .            (no boots)
Will    .....        (no amulet)
Stlth   +            (no ring)
HPRegen 0.22/turn    (no ring)
MPRegen 0.08/turn

%: no passive effects
@: no status effects
A: sickness immunity, AC +2, negative energy resistance 1, electricity
resistance, torment resistance 1, petrification resistance
a: no special abilities


You were on level 1 of the Dungeon.
You visited 1 branch of the dungeon, and saw 1 of its levels.


Innate Abilities, Weirdness & Mutations

You are immune to sickness and miasma.
Your stone body is resilient. (AC +2)
You are immune to poison.
You resist negative energy. (rN+)
You are resistant to electric shocks. (rElec)
You are resistant to unholy torment.
You are immune to petrification.


   Skills:
 - Level 1.1 Fighting
 + Level 2.0 Ranged Weapons
 - Level 1.5 Dodging
 - Level 1.0 Spellcasting
 - Level 2.6 Hexes


You had one spell level left.
You knew the following spells:

 Your Spells              Type           Power      Damage    Failure   Level
a - Slow                  Hex            28%        N/A       10%         1

Your spell library contained the following spells:

 Spells                   Type           Power      Damage    Failure   Level
 Inner Flame              Hex/Fire       4%         N/A       43%         3
 Portal Projectile        Hex/Tloc       8%         N/A       43%         3
 Cause Fear               Hex            3%         N/A       67%         4

Inventory:

Hand Weapons
 a - a +1 sling (weapon)
Armour
 c - a +0 robe (worn)
Scrolls
 b - a scroll of poison
Potions
 d - a potion of resistance {unknown}
 e - a potion of heal wounds {unknown}

Dungeon Overview and Level Annotations

Branches:
Dungeon (1/15)

Altars:


Message History

Found a staircase leading out of the dungeon.
Waypoint 0 assigned to D:1.
0 ||| PLANNING D:1-11
d - a lumpy puce potion
e - a fuming coppery potion An endoplasm and a kobold come into view.
The endoplasm quivers.
The kobold shouts!
You hear a shout!
You hear an angry hiss.
You shoot a sling bullet.
The sling bullet barely misses the endoplasm.
You shoot a sling bullet. The sling bullet hits the endoplasm.
The endoplasm is severely wounded.
You shoot a sling bullet.
The sling bullet hits the endoplasm but does no damage.
The endoplasm is severely wounded.
You shoot a sling bullet.
The sling bullet hits the endoplasm but does no damage.
The endoplasm is severely wounded.
The endoplasm misses you. The endoplasm barely misses you.
You shoot a sling bullet.
The sling bullet hits the endoplasm but does no damage.
The endoplasm is severely wounded.
The endoplasm freezes you.
You are frozen.
The kobold hits you with a +0 dagger.
You shoot a sling bullet. The sling bullet hits the endoplasm.
The endoplasm is almost dead.
The endoplasm freezes you.
You are frozen.
The kobold hits you with a +0 dagger.
You shoot a sling bullet.
The sling bullet barely misses the endoplasm.
The kobold hits you but does no damage. The endoplasm hits you.
The endoplasm freezes you.
You are frozen.
The kobold hits you but does no damage.
You shoot a sling bullet.
The sling bullet barely misses the endoplasm.
The endoplasm closely misses you. The kobold barely misses you.
You shoot a sling bullet. The sling bullet hits the endoplasm.
You kill the endoplasm!
The kobold hits you with a +0 dagger.
You die...

.... #...#
....###...###
............
...........###.
...............
...............
.......$K$......
#####.######@#
#~~~7.7~~~~#.#
#~.P...P..~#.#
#~PPP.PPP.~#.#
#~.P...P..~#.#####..
..##7.......77#........
........<.......#####..
###7.......77#.#
#~.P...7..~#.#


You could see a kobold.

Vanquished Creatures
  An endoplasm (D:1)
1 creature vanquished.

Notes
Turn   | Place    | Note
-------+----------+-------------------------------------------
     0 | D:1      | qw the Gargoyle Hexslinger began the quest for the Orb.
     0 | D:1      | Reached XP level 1. HP: 12/12 MP: 2/2
     0 | D:1      | 0 ||| qw: Version: 0.3-a-46-gb1f654a
     0 | D:1      | 0 ||| qw: Game counter: 3118
     0 | D:1      | 0 ||| qw: Melee chars always use a shield: true
     0 | D:1      | 0 ||| qw: God list: Okawaru
     0 | D:1      | 0 ||| qw: Allow faded altars: false
     0 | D:1      | 0 ||| qw: Do Orc after clearing Dungeon:15 true
     0 | D:1      | 0 ||| qw: Do second Lair branch before Depths: true
     0 | D:1      | 0 ||| qw: Lair rune preference: random
     0 | D:1      | 0 ||| qw: Goals: Normal
     0 | D:1      | 0 ||| PLANNING D:1-11
    24 | D:1      | HP: 2/12 [kobold/+0 dagger (3)]
    27 | D:1      | Slain by a kobold

Levels and vault maps discovered:
D:1:      ldierk_walled_garden, layout_basic

Action                     || total
---------------------------++-------
   Fire: Sling             ||     9
 Armour: Robe              ||     2
  Dodge: Dodged            ||     4

Table legend:
 A = Non-vault XP
 B = Vault XP
 C = Vault XP percentage of total XP
 D = Non-vault monster count
 E = Vault monster count
 F = Vault count percentage of total count
                 A         B        C        D         E       F
            +---------+---------+-------+---------+---------+-------
      Total |       2 |       0 |   0.0 |       1 |       0 |   0.0
            +---------+---------+-------+---------+---------+-------
        D:1 |       2 |       0 |   0.0 |       1 |       0 |   0.0
            +---------+---------+-------+---------+---------+-------
